 Dungeon Crawl Stone Soup version 0.24-a0-125-gdf024910ca (webtiles) character file.

Game seed: 7885911570663180614

1168 oprace the Ducker (level 8, -3/57 HPs)
             Began as an Octopode Chaos Knight on Feb 23, 2019.
             Was an Initiate of Ru.
             Slain by an ogre
             ... wielding a cursed -1 giant club
              (23 damage)
             ... on level 6 of the Dungeon.
             The game lasted 00:14:37 (6044 turns).

oprace the Ducker (Octopode Chaos Knight)           Turns: 6044, Time: 00:14:37

Health: -3/57      AC:  1    Str:  8 (9)  XL:     8   Next: 40%
Magic:  8/8        EV: 19    Int: 13 (14) God:    Ru [......]
Gold:   339        SH:  0    Dex: 14      Spells: 7/7 levels left

rFire    . . .     SeeInvis .   a - +0 falchion (chaos)
rCold    . . .     Gourm    .   (no shield)
rNeg     . . .     Faith    .   (helmet restricted)
rPois    +         Spirit   .   (no amulet)
rElec    .         Reflect  .   E - +2 ring of evasion
rCorr    .         Harm     .   (no ring)
MR       .....                  (no ring)
Stlth    +++.......             (no ring)
HPRegen  0.19/turn              (no ring)
MPRegen  0.11/turn              (no ring)
                                (no ring)
                                (no ring)

@: about to teleport, lightly drained
A: almost no armour, stealthy swim, amphibious, 8 rings, constrict 8, camouflage
1, deterioration 1, sense surroundings 1, poison resistance, screaming 1, weak
1, wild magic 1, gelatinous body 1
a: Renounce Religion


You were on level 6 of the Dungeon.
You worshipped Ru.
Ru was noncommittal.
You were near starving.

You visited 1 branch of the dungeon, and saw 6 of its levels.
You also visited: Sewer.

You collected 339 gold pieces.

Inventory:

Hand Weapons
 a - a +0 falchion of chaos (weapon)
 f - a +0 short sword of speed
 g - a +5 hunting sling
 q - a +1 battleaxe of draining
 u - a +0 long sword
 w - a +0 mace of protection
 I - a +0 long sword of holy wrath
Missiles
 h - 121 stones (quivered)
 i - 7 tomahawks
 B - 45 sling bullets
 C - 5 javelins
Jewellery
 E - a +2 ring of evasion (left tentacle)
Wands
 x - a wand of flame (3)
 A - a wand of iceblast (3)
Scrolls
 d - a scroll of random uselessness {unknown}
 o - 3 scrolls of enchant armour
 r - a scroll of remove curse {unknown}
 t - 2 scrolls of immolation {unknown}
 y - a scroll of blinking {unknown}
 H - 2 scrolls of amnesia {unknown}
Potions
 e - a potion of magic {unknown}
 j - a potion of invisibility {unknown}
 k - a potion of flight
 l - a potion of might
 m - a potion of cancellation
 n - 4 potions of curing {@q1}
 p - 7 potions of heal wounds {unknown}
 s - a potion of brilliance {unknown}
 v - a potion of resistance {unknown}
 z - a potion of berserk rage {unknown}
 D - a potion of mutation {unknown}
 G - a potion of haste {unknown}
Comestibles
 b - 6 rations


   Skills:
 + Level 5.8(5.6) Fighting
 - Level 4.0(3.7) Long Blades
 * Level 7.6(7.4) Dodging
 - Level 4.0(3.7) Stealth


You had 7 spell levels left.
You didn't know any spells.
Your spell library was empty.

Dungeon Overview and Level Annotations

Branches:
Dungeon (6/15)
 Temple: D:4-7

Altars:
Ashenzari
Dithmenos
Fedhas
Gozag
Hepliaklqana
Okawaru
Qazlal
Ru
Xom
The Shining One

Shops:
D:5 *


Innate Abilities, Weirdness & Mutations

You cannot wear most types of armour.
You are very stealthy in the water. (Stealth+)
You are amphibious.
You can wear up to eight rings at the same time.
You can use your tentacles to constrict eight enemies at once.
Your skin changes colour to match your surroundings (Stealth+).
Your rubbery body absorbs attacks. (AC +1, EV +1)
Your body sometimes deteriorates upon taking damage.
You passively map a small area around you.
Your system is resistant to poisons. (rPois)
You occasionally shout uncontrollably at your foes.
You are weak. (Str -2)
Your spells are a little harder to cast, but a little more powerful.


Message History

Lightning courses through the adder skeleton!
Your grab misses the adder skeleton.
An ogre comes into view. It is wielding a -1 giant club.
The adder skeleton closely misses you.
You riposte.
The ogre shouts!
You hit the adder skeleton.
You destroy the adder skeleton!
The ogre barely misses you.
An orc comes into view. It is wielding a +0 dagger.
An orc wizard comes into view. It is wielding a +0 dagger.
The orc misses you.
You riposte.
You hit the orc.
The orc flickers and vanishes!
Deactivating autopickup; reactivate with Ctrl-A.
Found 9 gold pieces and a triangular soapstone amulet.
A ball python comes into view.
A shadow imp comes into view.
You see here a triangular soapstone amulet.
As you read the scroll of teleportation {@r3}, it crumbles to dust.
You feel strangely unstable.
The ogre hits you with a cursed -1 giant club!!
You die...

##.######### *..... #S#
*..... , #.# #...# #.#
##....# * #.# ###...S#
#.# #.....# * * #.#
#...# * ,
##.#########.#"######,*
,
...........o.o$O@...#,
..............S######
##.######......# #.#
#.F....# #.# #......#
#o# #......# * #o# *
#......# ... , .......#
* , * #......# *


You could see an ogre, a bullfrog (wandering), an orc wizard, an adder and an
orc.

Vanquished Creatures
  Menkaure (D:4)
  A phantom (D:5)
  A sky beast (D:4)
  2 big kobolds (Sewer)
  A hound (D:6)
  3 bullfrog skeletons (D:5)
  4 orc priests
  Ijyb (D:4)
  3 orc wizards
  4 worker ants
  A hound skeleton (D:4)
  5 adders
  3 river rats (Sewer)
  2 oozes
  2 adder skeletons
  5 worms
  2 dart slugs
  6 leopard geckos
  23 orcs
  2 giant cockroaches (D:3)
  10 goblins
  7 hobgoblins
  6 jackals
  19 kobolds
  4 quokkas
  5 ball pythons (Sewer)
  A ball python skeleton (D:4)
  9 bats
  7 frilled lizards
  A jackal skeleton (D:4)
  34 rats
175 creatures vanquished.

Notes
Turn   | Place    | Note
-------+----------+-------------------------------------------
     0 | D:1      | oprace the Octopode Chaos Knight began the quest for the
                  | Orb.
     0 | D:1      | Reached XP level 1. HP: 16/16 MP: 1/1
   108 | D:1      | XOM: cloud trail
   208 | D:1      | Reached skill level 1 in Stealth
   208 | D:1      | Reached XP level 2. HP: 17/21 MP: 2/2
   736 | D:1      | XOM: give mutations
   736 | D:1      | Gained mutation: Your spells are a little harder to cast,
                  | but a little more powerful. [Xom's grace]
   736 | D:1      | Gained mutation: You expend magic power (3 MP) to
                  | strengthen your wands. [Xom's grace]
   736 | D:1      | Gained mutation: You are agile. (Dex +2) [Xom's grace]
   869 | D:1      | XOM: give mutations
   869 | D:1      | Gained mutation: Your system is resistant to poisons.
                  | (rPois) [Xom's grace]
   869 | D:1      | Gained mutation: You passively map a small area around you.
                  | [Xom's grace]
   895 | D:2      | Reached XP level 3. HP: 26/26 MP: 3/3
   911 | D:1      | XOM: divination: detect creatures
   983 | D:2      | XOM: noise
  1167 | D:2      | Reached skill level 3 in Dodging
  1573 | D:2      | Reached XP level 4. HP: 31/31 MP: 4/4
  1617 | D:2      | XOM is BORED!
  1617 | D:2      | XOM: mild Fire miscast
  1722 | D:3      | Found a shattered altar of Ashenzari.
  1723 | D:3      | Found a glowing golden altar of the Shining One.
  1907 | D:3      | Reached XP level 5. HP: 31/36 MP: 5/5
  1934 | D:3      | XOM: potion effect (invisibility)
  1961 | D:3      | XOM: harmless Chrm miscast
  2034 | D:3      | Found a hazy altar of Hepliaklqana.
  2035 | D:3      | Found an iron altar of Okawaru.
  2036 | D:3      | Found a blossoming altar of Fedhas.
  2036 | D:3      | Found a sacrificial altar of Ru.
  2048 | D:3      | Fell from the grace of Xom
  2048 | D:3      | Became a worshipper of Ru the Awakened
  2087 | D:3      | Found a glowing drain.
  2103 | Sewer    | Entered a sewer
  2334 | Sewer    | Reached skill level 4 in Dodging
  2398 | Sewer    | Noticed a big kobold
  2410 | Sewer    | Killed a big kobold
  2410 | Sewer    | Reached XP level 6. HP: 14/43 MP: 6/6
  2436 | Sewer    | XOM: give mutations
  2436 | Sewer    | Lost mutation: You expend magic power (3 MP) to strengthen
                  | your wands. [Xom's mischief]
  2436 | Sewer    | Gained mutation: You are weak. (Str -2) [Xom's mischief]
  2684 | Sewer    | Reached skill level 5 in Dodging
  2957 | Sewer    | XOM: divination: detect creatures
  3002 | Sewer    | XOM: torment (23/43 hp)
  3104 | D:3      | XOM: scenery: create altars
  3668 | D:4      | XOM: give mutations
  3668 | D:4      | Gained mutation: Your mind is acute. (Int +2) [Xom's
                  | mischief]
  3668 | D:4      | Gained mutation: You occasionally shout uncontrollably at
                  | your foes. [Xom's mischief]
  3685 | D:4      | Noticed Menkaure
  3693 | D:4      | Reached XP level 7. HP: 44/49 MP: 7/7
  3701 | D:4      | Killed Menkaure
  3712 | D:4      | Found a stormy altar of Qazlal.
  3866 | D:4      | Noticed Ijyb
  3872 | D:4      | Killed Ijyb
  3877 | D:4      | Reached skill level 6 in Dodging
  4190 | D:4      | Reached skill level 5 in Fighting
  4243 | D:4      | XOM: give mutations
  4243 | D:4      | Lost mutation: Your mind is acute. (Int +2) [Xom's
                  | mischief]
  4243 | D:4      | Lost mutation: You are agile. (Dex +2) [Xom's mischief]
  4411 | D:4      | XOM: mild Air miscast
  4548 | D:4      | XOM: severe Tmut miscast
  4548 | D:4      | Gained mutation: Your body sometimes deteriorates upon
                  | taking damage. [the severe capriciousness of Xom]
  4797 | D:5      | Entered Level 5 of the Dungeon
  4962 | D:5      | Reached skill level 7 in Dodging
  4962 | D:5      | Reached XP level 8. HP: 50/56 MP: 8/8
  5016 | D:5      | Found an opulent altar of Gozag.
  5021 | D:5      | Found Gozag's Platinum Reserve.
  5127 | D:5      | Found a shadowy altar of Dithmenos.
  5266 | D:5      | XOM: divination: magic mapping
  6044 | D:6      | Slain by an ogre

Levels and vault maps discovered:
D:1:      psy_arrival_radial02, layout_basic
D:2:      layout_basic, st_stairs_3
D:3:      layout_loops_ring, chequers_temple_overflow_statue_of_worship,
          grunt_temple_overflow_open, first_ration, portal_sewer_entry_b,
          roderic_serpentine_path
D:4:      layout_basic, grunt_qazlal_clouds, uniq_menkaure, uniq_ijyb
D:5:      layout_basic, nicolae_gozag_zags_fifth_avenue,
          nicolae_dithmenos_shadow_blocks
D:6:      wander_guarded_unrand_ratskin, layout_rooms, led_sif_book,
          uniq_duvessa
Sewer:    sewer_minmay_treatment

Skill      XL: |  1  2  3  4  5  6  7 |
---------------+----------------------+-----
Stealth        | 1 2 3 4 |  4.0
Dodging        | 3 4 5 7 |  7.6
Long Blades    | 4 |  4.0
Fighting       | 4 5 |  5.8

Action                   |  1- 3 |  4- 6 |  7- 9 || total
-------------------------+-------+-------+-------++-------
Melee: Falchion          |    29 |    94 |    90 ||   213
       Constrict         |     9 |    28 |    31 ||    68
       Tentacles         |     6 |    15 |    33 ||    54
       Unarmed           |       |    12 |       ||    12
 Fire: Hunting sling     |    39 |    69 |    40 ||   148
Throw: Tomahawk          |       |     4 |       ||     4
Invok: Reject Sacrifices |       |     1 |       ||     1
Evoke: Wand              |       |       |     7 ||     7
  Use: Scroll            |       |     5 |     5 ||    10
       Potion            |       |     2 |     1 ||     3
 Stab: Sleeping          |     6 |     7 |     3 ||    16
       Confused          |     1 |       |       ||     1
       Invisible         |       |     2 |       ||     2
       Petrifying        |       |       |     2 ||     2
       Paralysed         |       |       |     1 ||     1
  Eat: Chunk             |     1 |     4 |     6 ||    11
       Ration            |       |     1 |       ||     1
Armor: Skin              |     2 |    14 |     2 ||    18
Dodge: Dodged            |    27 |    77 |    64 ||   168
       Rpst.: Falchion   |     7 |    14 |    19 ||    40

Table legend:
 A = Non-vault XP
 B = Vault XP
 C = Vault XP percentage of total XP
 D = Non-vault monster count
 E = Vault monster count
 F = Vault count percentage of total count
                 A         B        C        D         E       F
            +---------+---------+-------+---------+---------+-------
      Total |    1149 |     520 |  31.2 |     118 |      57 |  32.6
            +---------+---------+-------+---------+---------+-------
        D:1 |      29 |       0 |   0.0 |      16 |       0 |   0.0
        D:2 |      49 |       4 |   7.5 |      22 |       3 |  12.0
        D:3 |     174 |       6 |   3.3 |      36 |       4 |  10.0
        D:4 |     356 |     207 |  36.8 |      22 |       2 |   8.3
        D:5 |     491 |       0 |   0.0 |      20 |       0 |   0.0
        D:6 |      50 |       0 |   0.0 |       2 |       0 |   0.0
      Sewer |       0 |     303 | 100.0 |       0 |      48 | 100.0
            +---------+---------+-------+---------+---------+-------
